 Dungeon Crawl Stone Soup version 0.31-a0-233-g139696dc86 (webtiles) character file.

Game seed: 12008978741640111140

86 qw the Shooter (level 4, 0/36 HPs)
             Began as a Minotaur Hexslinger on July 7, 2023.
             Slain by a sleepcap (5 damage)
             ... on level 4 of the Dungeon.
             The game lasted 00:00:46 (1997 turns).

qw the Shooter (Minotaur Hexslinger)                Turns: 1997, Time: 00:00:46

Health: 0/36       AC:  5    Str: 13    XL:     4   Next: 26%
Magic:  4/4        EV: 12    Int: 10    God:
Gold:   103        SH:  0    Dex: 14    Spells: 4/5 levels left

rFire   . . .        Y - +1 sling
rCold   . . .        (no shield)
rNeg    . . .        d - +0 leather armour
rPois   .            b - +2 hat {Will+}
rElec   .            (no cloak)
rCorr   .            (no gloves)
SInv    +            (no boots)
Will    +....        (no amulet)
Stlth   +            c - ring of see invisible
HPRegen 0.26/turn    (no ring)
MPRegen 0.09/turn

%: no passive effects
@: no status effects
A: horns 2, retaliatory headbutt
a: no special abilities


You were on level 4 of the Dungeon.
You visited 1 branch of the dungeon, and saw 4 of its levels.

You collected 161 gold pieces.
You spent 58 gold pieces at shops.


Innate Abilities, Weirdness & Mutations

You have a pair of horns on your head.
You reflexively headbutt those who attack you in melee.


   Skills:
 - Level 2.0 Fighting
 + Level 4.8 Ranged Weapons
 - Level 2.1 Dodging
 - Level 1.0 Spellcasting
 - Level 2.0 Hexes


You had 4 spell levels left.
You knew the following spells:

 Your Spells              Type           Power      Damage    Failure   Level
a - Slow                  Hex            16%        N/A       19%         1

Your spell library contained the following spells:

 Spells                   Type           Power      Damage    Failure   Level
 Inner Flame              Hex/Fire       2%         N/A       65%         3
 Portal Projectile        Hex/Tloc       4%         N/A       65%         3
 Cause Fear               Hex            2%         N/A       88%         4

Inventory:

Hand Weapons
 Y - a +1 sling (weapon)
Armour
 b - a +2 hat of willpower (worn)
 d - a +0 leather armour (worn)
Jewellery
 c - a ring of see invisible (left hand)
Scrolls
 a - a scroll of identify
Potions
 f - a potion of resistance
 g - a potion of attraction {unknown}
 h - a potion of curing {unknown}

Dungeon Overview and Level Annotations

Branches:
Dungeon (4/15)
 Temple: D:4-7

Altars:

Shops:
D:2 [


Message History

As you open the gate, it creaks loudly! 3 sleepcaps come into view.
Found a scroll labelled OMNUOFO HAIHEW.
You shoot a sling bullet. The sling bullet hits the sleepcap!
The sleepcap is moderately damaged.
You shoot a sling bullet. The sling bullet hits the sleepcap.
The sleepcap is moderately damaged.
The sleepcap releases spores at you.
You are engulfed in a cloud of soporific spores!
You fall asleep.
The sleepcap releases spores at you!
You wake up.
You are engulfed in a cloud of soporific spores!
You are unaffected.
You shoot a sling bullet. The sling bullet hits the sleepcap.
The sleepcap is heavily damaged.
The sleepcap releases spores at you. x2
You shoot a sling bullet. The sling bullet hits the sleepcap.
The sleepcap is severely damaged.
The sleepcap misses you. The sleepcap releases spores at you.
You are engulfed in a cloud of soporific spores!
You are unaffected.
You shoot a sling bullet. The sling bullet hits the sleepcap.
The sleepcap is severely damaged.
The sleepcap completely misses you. The sleepcap releases spores at you.
You are engulfed in a cloud of soporific spores!
You are unaffected.
You shoot a sling bullet.
The sling bullet hits the sleepcap but does no damage.
The sleepcap is severely damaged.
The sleepcap closely misses you. You furiously retaliate!
You headbutt the sleepcap! The sleepcap barely misses you. x3
You shoot a sling bullet. The sling bullet hits the sleepcap!
The sleepcap is almost destroyed.
The sleepcap closely misses you. The sleepcap barely misses you.
You furiously retaliate!
You headbutt the sleepcap. You shoot a sling bullet.
The sling bullet hits the sleepcap but does no damage.
The sleepcap is almost destroyed.
The sleepcap releases spores at you.
You die...

. ##.###.##77 #.
#.#.## .7
#.##.###...##77.77
#.....#.###.#7...7
#...## ##77...77
......##.###.7....?7
##### ##.#.#7.f...7
##...77ff'7
###...@..# ########


You could see 3 sleepcaps.

Vanquished Creatures
  3 adders (D:2)
  A worm (D:2)
  2 dart slugs (D:1)
  An orc (D:3)
  2 ball pythons
  5 endoplasms
  3 giant cockroaches
  6 goblins
  6 hobgoblins
  4 kobolds
  3 quokkas
  4 bats
  2 frilled lizards
  6 rats
48 creatures vanquished.

Notes
Turn   | Place    | Note
-------+----------+-------------------------------------------
     0 | D:1      | qw the Minotaur Hexslinger began the quest for the Orb.
     0 | D:1      | Reached XP level 1. HP: 16/16 MP: 1/1
     0 | D:1      | 0 ||| qw: Version: 0.3-a-46-gb1f654a
     0 | D:1      | 0 ||| qw: Game counter: 3155
     0 | D:1      | 0 ||| qw: Melee chars always use a shield: true
     0 | D:1      | 0 ||| qw: God list: Okawaru
     0 | D:1      | 0 ||| qw: Allow faded altars: false
     0 | D:1      | 0 ||| qw: Do Orc after clearing Dungeon:15 true
     0 | D:1      | 0 ||| qw: Do second Lair branch before Depths: true
     0 | D:1      | 0 ||| qw: Lair rune preference: random
     0 | D:1      | 0 ||| qw: Goals: Normal
     0 | D:1      | 0 ||| PLANNING D:1-11
    91 | D:1      | Reached skill level 3 in Ranged Weapons
    95 | D:1      | Reached XP level 2. HP: 18/23 MP: 2/2
   627 | D:1      | 627 ||| READING scroll labelled XYTOJE JOGRITA.
   628 | D:1      | 628 ||| READING scroll labelled HUHO ZER BUSELECS.
   629 | D:1      | 629 ||| DROPPING scroll of poison.
   704 | D:2      | Reached XP level 3. HP: 17/29 MP: 3/3
   803 | D:2      | Found Fyeroit's Antique Armour Emporium.
   811 | D:2      | 811 ||| SHOPLISTING dyed leather armour (145 gold, have
                  | 74).
   811 | D:2      | 811 ||| BUYING leather armour (58 gold).
   811 | D:2      | Bought a leather armour for 58 gold pieces
   811 | D:2      | 811 ||| SHOPLISTING ring mail (116 gold, have 16).
   811 | D:2      | 811 ||| SHOPLISTING twisted leather armour (203 gold, have
                  | 16).
   891 | D:2      | 891 ||| UPGRADING to +2 hat of willpower.
   896 | D:2      | 896 ||| UPGRADING to +0 leather armour.
   906 | D:2      | 906 ||| DROPPING +0 robe.
   907 | D:2      | 907 ||| DRINKING 2 dark potions.
   908 | D:2      | 908 ||| DROPPING potion of magic.
   916 | D:2      | 916 ||| STAIRDANCE
   925 | D:2      | Reached skill level 4 in Ranged Weapons
  1100 | D:2      | 1100 ||| FLEEEEING.
  1204 | D:2      | Reached XP level 4. HP: 36/36 MP: 4/4
  1316 | D:2      | 1316 ||| UPGRADING to ring of see invisible.
  1317 | D:2      | 1317 ||| READING 2 scrolls labelled FIUGIO NASKUM.
  1318 | D:2      | 1318 ||| READING scroll labelled WOSKAU LEPSAKA.
  1326 | D:2      | 1326 ||| STAIRDANCE
  1785 | D:3      | Noticed a sky beast
  1786 | D:3      | Noticed a scorpion
  1924 | D:3      | 1924 ||| DROPPING ring of flight.
  1925 | D:3      | 1925 ||| READING scroll labelled MURHIABIGA.
  1926 | D:3      | 1926 ||| READING scroll labelled HESTRA ANLU.
  1927 | D:3      | 1927 ||| DRINKING 2 lumpy orange potions.
  1956 | D:3      | 1956 ||| READING 2 scrolls of identify.
  1956 | D:3      | 1956 ||| IDENTIFYING lumpy clear potion
  1957 | D:3      | 1957 ||| DROPPING potion of lignification.
  1993 | D:4      | HP: 9/36 [sleepcap (1)]
  1994 | D:4      | HP: 4/36 [sleepcap (6)]
  1997 | D:4      | Slain by a sleepcap

Levels and vault maps discovered:
D:1:      spicycebolla_arrival_ecumenical, layout_loops_ring
D:2:      layout_loops_ring, serial_shops, shop
D:3:      layout_rooms, lightli_corner_chamber
D:4:      layout_loops_cross, lemuel_coloured_pillars_altar,
          amcnicky_altar_gilded, minmay_temple_entry_large_hall,
          grunt_ministairs_6, minmay_misc_feat_square, hellmonk_no_cap,
          uniq_duvessa, uniq_pargi, uniq_natasha

Skill      XL: |  1  2  3 |
---------------+----------+-----
Ranged Weapons | 3 4 |  4.8
Fighting       | 2 |  2.0
Dodging        | |  2.1
Spellcasting   | |  1.0
Hexes          | |  2.0

Action                     |  1- 3 |  4- 6 || total
---------------------------+-------+-------++-------
   Fire: Sling             |   108 |    64 ||   172
    Use: Scroll            |     2 |     5 ||     7
         Potion            |     1 |     1 ||     2
 Armour: Robe              |    11 |       ||    11
         Leather armour    |    11 |     7 ||    18
  Dodge: Dodged            |    48 |    28 ||    76

Table legend:
 A = Non-vault XP
 B = Vault XP
 C = Vault XP percentage of total XP
 D = Non-vault monster count
 E = Vault monster count
 F = Vault count percentage of total count
                 A         B        C        D         E       F
            +---------+---------+-------+---------+---------+-------
      Total |     123 |       0 |   0.0 |      48 |       0 |   0.0
            +---------+---------+-------+---------+---------+-------
        D:1 |      34 |       0 |   0.0 |      18 |       0 |   0.0
        D:2 |      68 |       0 |   0.0 |      18 |       0 |   0.0
        D:3 |      21 |       0 |   0.0 |      12 |       0 |   0.0
            +---------+---------+-------+---------+---------+-------
